 Dungeon Crawl Stone Soup version 0.32-a0-931-g5a2cda0630 (webtiles) character file.

Game seed: 7989451920064416350

5434 SageDae the Skirmisher (level 10, -3/120 HPs)
             Began as a Coglin Hunter on Apr 14, 2024.
             Was a Priest of Beogh.
             Slain by Rocco the orc apostle
             ... wielding a +3 long sword of holy wrath
              (19 damage)
             ... on level 8 of the Dungeon.
             The game lasted 00:13:55 (8434 turns).

SageDae the Skirmisher (Coglin Hunter)              Turns: 8434, Time: 00:13:56

Health: -3/120     AC: 25    Str: 12    XL:     10   Next: 68%
Magic:  10/10      EV:  2    Int: 10    God:    Beogh [***...]
Gold:   385        SH:  0    Dex: 20    Spells: 9/9 levels left

rFire   . . .        a - +3 sling (freeze) {Numeria}
rCold   . . .        d - +0 sling {Libusa}
rNeg    . . .        r - melded +2 robe {rC+}
rPois   +            (helmet currently unavailable)
rElec   .            (cloak currently unavailable)
rCorr   .            p - melded +2 pair of gloves
SInv    .            (boots currently unavailable)
Will    .....        (amulet unavailable)
Stlth   ++           (ring unavailable)
HPRegen 0.40/turn    (ring unavailable)
MPRegen 0.12/turn    (no gizmo)

%: no passive effects
@: tree-form, revved
A: stationary, stasis, torment immunity, boosted hp, off-hand wielding, slow
wielding, warmup strikes, no jewellery
a: Invent Gizmo, Renounce Religion, Smiting


You were on level 8 of the Dungeon.
You worshipped Beogh.
Beogh was most pleased with you.
You were a tree.
You visited 2 branches of the dungeon, and saw 10 of its levels.

You collected 385 gold pieces.

Inventory:

Hand Weapons
 a - a +3 sling of freezing (weapon) {Numeria}
 d - a +0 sling (offhand) {Libusa}
 i - a +1 short sword of draining {Francisco}
Missiles
 u - a throwing net
Armour
 p - a +2 pair of gloves (melded)
 q - a +0 robe of resistance
 r - a +2 robe of cold resistance (melded)
Wands
 c - a wand of flame (25)
 f - a wand of charming (9)
 o - a wand of quicksilver (8)
Scrolls
 b - a scroll of butterflies
 e - 6 scrolls of teleportation
 h - 5 scrolls of vulnerability
 k - 2 scrolls of poison
Potions
 g - 3 potions of curing
 m - 3 potions of attraction
 n - a potion of enlightenment
 s - a potion of invisibility {unknown}
 t - a potion of mutation {unknown}


   Skills:
 + Level 8.0 Fighting
 * Level 10.8 Ranged Weapons
 + Level 7.3 Dodging
 - Level 0.7 Stealth


You had 9 spell levels left.
You didn't know any spells.
Your spell library contained the following spells:

 Spells                   Type           Power      Damage    Failure   Level
 Sting                    Conj/Alch      0%         1d3       36%         1
 Mercury Vapours          Alch/Air       0%         N/A       50%         2
 Scorch                   Fire           0%         2d5       50%         2
 Flame Wave               Conj/Fire      0%         2d4       98%         4
 Olgreb's Toxic Radiance  Alch           0%         N/A       98%         4
 Summon Cactus Giant      Summ           0%         N/A       100%        6


Dungeon Overview and Level Annotations

Branches:
Dungeon (9/15)             Temple (1/1) D:4
   Lair: D:8-11         Orc: D:9-12

Altars:
Ashenzari
Cheibriados
Dithmenos
Elyvilon
Fedhas
Gozag
Kikubaaqudgha
Makhleb
Nemelex Xobeh
Okawaru
Qazlal
Trog
Uskayaw
Vehumet
Wu Jian
Xom
Yredelemnul
Zin
The Shining One

Annotations:
D:6 1 runed translucent door, HilariousDeathArtist's ghost, novice DjSh


Innate Abilities, Weirdness & Mutations

You are a tree.
Your roots penetrate the ground, keeping you stationary.
You cannot be teleported.
You are immune to unholy pain and torment.
Your maximum health is greatly increased.
Your equipment is partially melded.
Your facial features look somewhat orcish.
You can wield a second weapon in your off-hand.
It takes a long time for you to wield or remove held weapons.
Your first few attacks do less damage.
You cannot equip rings or amulets.


Message History

* * * LOW HITPOINT WARNING * * *
Unknown command.
Fire: a) +3 sling (freeze) {Numeria}
Press: ? - help, Q - select action, (/) - cycle Shift-Dir - straight line, f/p - Rocco
Aim: Rocco the orc apostle, wielding a +3 long sword of holy wrath and wearing a +3 plate armour (moderately wounded, empowered by the touch of Beogh, 71% to hit)
You shoot a sling bullet. The sling bullet hits Rocco.
The sling bullet freezes Rocco.
Rocco is moderately wounded.
You shoot a sling bullet. The sling bullet barely misses Rocco.
Fire: a) +3 sling (freeze) {Numeria}
Press: ? - help, Q - select action, (/) - cycle Shift-Dir - straight line, f/p - Rocco
Aim: Rocco the orc apostle, wielding a +3 long sword of holy wrath and wearing a +3 plate armour (moderately wounded, empowered by the touch of Beogh, 71% to hit)
You shoot a sling bullet. The sling bullet hits Rocco.
Rocco is moderately wounded.
You shoot a sling bullet.
The sling bullet hits Rocco but does no damage.
Rocco is moderately wounded.
Rocco hits you with a +3 long sword of holy wrath!
* * * LOW HITPOINT WARNING * * *
Fire: a) +3 sling (freeze) {Numeria}
Press: ? - help, Q - select action, (/) - cycle Shift-Dir - straight line, f/p - Rocco
Aim: Rocco the orc apostle, wielding a +3 long sword of holy wrath and wearing a +3 plate armour (moderately wounded, empowered by the touch of Beogh, 71% to hit)
You shoot a sling bullet. The sling bullet hits Rocco!
Rocco is heavily wounded.
You shoot a sling bullet.
The sling bullet hits Rocco but does no damage.
Rocco is heavily wounded.
Rocco hits you but does no damage.
Unknown command.
Fire: a) +3 sling (freeze) {Numeria}
Press: ? - help, Q - select action, (/) - cycle Shift-Dir - straight line, f/p - Rocco
Aim: Rocco the orc apostle, wielding a +3 long sword of holy wrath and wearing a +3 plate armour (heavily wounded, empowered by the touch of Beogh, 71% to hit)
You shoot a sling bullet. The sling bullet closely misses Rocco.
You shoot a sling bullet.
The sling bullet hits Rocco but does no damage.
Rocco is heavily wounded.
Rocco hits you with a +3 long sword of holy wrath!!
You die...
Beogh appreciates Rocco's killing of a heretic priest.

...##.....##.......#
......b....#.......#
..b..bb.b..#.......#
.......b...#.......#
.....bbb...#.......#
........b..#.......#
.b.##..b.b.#.......#
...##bbbbb##.......#
....#.bb..##...o♣..#
....#........).....#
....#..............#
....#..............#
....#.....##.......#
#####.....##.......#
...##......#.......#
....#......#.......#
....#......#.......#


You could see Rocco the orc apostle (divinely empowered).

Vanquished Creatures
  A komodo dragon (D:8)
  Sigmund (D:5)
  A wyvern (D:7)
  9 yaks
  3 water moccasins
  An orc warrior (D:6)
  3 ice beasts
  An ogre (D:7)
  5 black bears
  A sky beast (D:6)
  3 centaurs
  A phantom (D:6)
  A kobold brigand (D:6)
  7 bullfrogs
  A gnoll sergeant (D:9)
  2 scorpions
  2 wights
  A killer bee (D:9)
  A howler monkey (D:7)
  10 hounds
  3 bombardier beetles
  2 jellies (D:6)
  3 orc priests
  2 iguanas
  9 orc wizards
  9 adders
  A white imp (D:7)
  4 ufetubi
  2 dart slugs
  4 ribbon worms
  17 orcs
  10 ball pythons
  16 endoplasms
  6 giant cockroaches
  8 goblins
  6 hobgoblins
  6 jackals
  6 kobolds
  3 quokkas
  10 bats
  2 frilled lizards (D:1)
  3 rats
187 creatures vanquished.

Vanquished Creatures (others)
  An orc priest (D:4)
  2 orcs
  A kobold (D:6)
4 creatures vanquished.

Grand Total: 191 creatures vanquished

Notes
Turn   | Place    | Note
-------+----------+-------------------------------------------
     0 | D:1      | SageDae the Coglin Hunter began the quest for the Orb.
     0 | D:1      | Reached XP level 1. HP: 16/16 MP: 1/1
    69 | D:1      | Reached XP level 2. HP: 22/22 MP: 2/2
   239 | D:1      | Reached skill level 4 in Ranged Weapons
   356 | D:1      | Reached XP level 3. HP: 28/28 MP: 3/3
  1183 | D:2      | Reached XP level 4. HP: 34/34 MP: 4/4
  1887 | D:3      | Reached XP level 5. HP: 40/40 MP: 5/5
  2127 | D:3      | Reached skill level 5 in Ranged Weapons
  2549 | D:3      | Found a sparkling altar of Nemelex Xobeh.
  2706 | D:4      | Found a staircase to the Ecumenical Temple.
  2715 | D:4      | Became a worshipper of Beogh the Shepherd
  2725 | D:4      | Reached XP level 6. HP: 33/47 MP: 6/6
  3119 | D:4      | Reached XP level 7. HP: 20/53 MP: 7/7
  3129 | D:4      | Reached skill level 6 in Ranged Weapons
  3385 | D:4      | Reached * piety under Beogh
  3535 | Temple   | Entered the Ecumenical Temple
  3560 | D:5      | Entered Level 5 of the Dungeon
  4187 | D:5      | Found a hide-covered altar of Uskayaw.
  4310 | D:5      | Reached XP level 8. HP: 48/61 MP: 8/8
  4376 | D:5      | Noticed Sigmund
  4396 | D:5      | Killed Sigmund
  4397 | D:5      | Reached skill level 7 in Ranged Weapons
  4840 | D:6      | Reached skill level 5 in Fighting
  5055 | D:6      | Reached skill level 5 in Dodging
  5076 | D:6      | Reached skill level 8 in Ranged Weapons
  5113 | D:6      | Found a runed translucent door.
  5113 | D:6      | Noticed HilariousDeathArtist's ghost (novice DjSh)
  5260 | D:6      | Reached XP level 9. HP: 68/69 MP: 9/9
  5503 | D:6      | Reached ** piety under Beogh
  6305 | D:7      | Reached skill level 9 in Ranged Weapons
  6591 | D:7      | Found an iron altar of Okawaru.
  7232 | D:7      | Reached XP level 10. HP: 57/79 MP: 10/10
  7333 | D:8      | Reached skill level 10 in Ranged Weapons
  7454 | D:8      | Found a snail-covered altar of Cheibriados.
  8331 | D:8      | Reached *** piety under Beogh
  8362 | D:8      | Noticed Rocco
  8434 | D:8      | Slain by Rocco the orc apostle

Illustrated notes

Levels and vault maps discovered:
D:1:      dpeg_arrival_central, layout_loops_ring, hex_large,
          minmay_tiny_reverse_x
D:2:      layout_loops_corners
D:3:      minmay_diamond_boxcup, layout_loops_ring, mainiacjoe_overflow_alcove_4
D:4:      layout_loops_ring, temple_fountains
D:5:      layout_basic, lemuel_doored_altar, nrook_mini_vaults,
          amethyst_killhole, uniq_sigmund
D:6:      layout_basic, hellmonk_ghost_happy_afterlife, minmay_checkerbox
D:7:      layout_basic, okawaru_trees_1, minivault_27
D:8:      layout_gridville, slow_altar_2
D:9:      layout_long_grid, overflow_temple_1_default,
          mainiacjoe_overflow_divided_tiny, due_lair_maze_entry_diamond,
          hangedman_feature_mirror, evilmike_minifort, uniq_psyche
Temple:   nicolae_temple_no_exploring_needed

Skill      XL: |  1  2  3  4  5  6  7  8  9 10 |
---------------+-------------------------------+-----
Dodging        | 2 3 4 5 6 7 |  7.3
Ranged Weapons | 4 5 6 8 9 10 | 10.8
Fighting       | 3 4 5 7 8 |  8.0
Stealth        | |  0.7

Action                     |  1- 3 |  4- 6 |  7- 9 | 10-12 || total
---------------------------+-------+-------+-------+-------++-------
   Fire: Sling             |   142 |   286 |   626 |   328 ||  1382
 Invoke: Convert to Beogh  |       |     1 |       |       ||     1
    Use: Scroll            |     3 |     4 |     8 |     1 ||    16
         Potion            |       |       |     1 |     4 ||     5
 Armour: Leather armour    |     2 |    22 |    46 |       ||    70
         Robe              |       |       |   100 |    47 ||   147
         Skin              |       |       |       |    23 ||    23
  Dodge: Dodged            |     9 |    25 |   120 |    83 ||   237

Table legend: (Time is in decaauts)
 A = Elapsed time spent in this place.
 B = Non-inter-level travel time spent in this place.
 C = Inter-level travel time spent in this place.
 D = Time resting spent in this place.
 E = Time spent auto-exploring this place.
 F = Levels seen in this place.
 G = Mean time per level.
                   A        B        C        D        E       F      G
               +--------+--------+--------+--------+--------+-----+--------+
         Total |   8474 |   8249 |    225 |   2362 |   4655 |  10 |  847.4 |
       Dungeon |   8472 |   8247 |    225 |   2362 |   4655 |   9 |  941.3 |
        Temple |      1 |      1 |      0 |      0 |      0 |   1 |    1.0 |
               +--------+--------+--------+--------+--------+-----+--------+

Top non-repeatable levels by time:
     D:5: 1273 daAuts
     D:6: 1250 daAuts
     D:7: 1208 daAuts
     D:3: 1001 daAuts
     D:8: 969 daAuts
     D:4: 888 daAuts
     D:2: 857 daAuts
     D:1: 856 daAuts
     D:9: 166 daAuts
  Temple: 1 daAuts
